Description

bsfsdff

Replay - Groovy TvZ

Build Order

Get SALT Encoding   

  12  0:00  SCV  
  13  0:12  SCV  
  14  0:17  Supply Depot  
  14  0:25  SCV  
  14  0:27  Refinery  
  15  0:38  SCV  
  16  0:44  Barracks  
  16  0:50  SCV  
  17  1:02  SCV  
  18  1:14  SCV  
  19  1:31  Orbital Command, Reaper  
  20  1:42  Command Center  
  20  1:53  Factory  
  20  1:57  SCV  
  21  2:05  Barracks Reactor  
  21  2:09  SCV  
  21  2:13  Supply Depot  
  22  2:19  Refinery  
  22  2:22  SCV  
  24  2:47  Hellion x2  
  24  2:49  Starport  
  29  2:57  Orbital Command  
  29  3:05  Barracks Tech Lab  
  30  3:09  Hellion  
  33  3:25  Fusion Core  
  34  3:30  Hellion x2  
  38  3:36  Supply Depot  
  41  3:51  Hellion  
  45  3:56  Supply Depot x2  
  45  4:12  Battlecruiser  
  53  4:27  Hellion x2  
  58  4:39  Armory  
  60  4:49  Hellion x2  
  66  5:12  Refinery  
  67  5:27  Command Center  
  67  5:29  Refinery  
Spawning Tool Build Advisor. Get it on Overwolf

Go to:

Details

  • Created by: brendanp1
  • Published on: Jul 07, 2020
  • Modified on: Jul 07, 2020
  • Patch: 4.11.0
  • Difficulty: Easy
Show
View Real Time Build Order
Export as new Build Order

Comments (0)

There are no comments. Be the first!

Create an account to comment!